 Dungeon Crawl Stone Soup version 0.31-a0-1084-gb392501acf (webtiles) character file.

Game seed: 3312530952465230506

2543 Gumption the Grappler (level 9, -15/62 (68) HPs)
             Began as a Gnoll Shapeshifter on Nov 28, 2023.
             Was a Priest of Makhleb.
             Blown up by Jeremiah (19 damage)
             ... with a mindburst bolt
             ... on level 8 of the Dungeon.
             The game lasted 00:43:46 (6627 turns).

Gumption the Grappler (Gnoll Shapeshifter)          Turns: 6627, Time: 00:43:46

HP:   -15/62 (68)   AC: 16    Str: 17    XL:     9   Next: 55%
MP:   0/15          EV: 15    Int: 10    God:    Makhleb [***...]
Gold: 481           SH:  0    Dex: 18    Spells: 16/16 levels left

rFire   . .          .
                       - Unarmed
rCold   . . .        (shield currently unavailable)
rNeg    . . .        w - +0 chain mail
rPois   .            j - +2 hat
rElec   .            (no cloak)
rCorr   .            e - +0 pair of gloves
SInv    .            I - +2 pair of boots
Will    .....        n - amulet of guardian spirit Stlth
                     y - +5 ring of evasion
HPRegen 0.30/turn    i - +6 ring of dexterity
MPRegen 0.14/turn

%: guardian spirit
@: flux-form, glowing, drained
A: glow, contaminating, fangs 1, strong nose, distributed training
a: Begin Untransformation, Renounce Religion, Minor Destruction, Lesser Servant
of Makhleb


You were on level 8 of the Dungeon.
You worshipped Makhleb.
Makhleb was most pleased with you.
You were something dangerously unstable.
You visited 2 branches of the dungeon, and saw 9 of its levels.

You collected 481 gold pieces.

Inventory:

Hand Weapons
 b - a +1 sling
Missiles
 q - 23 poisoned darts (quivered)
 z - 6 boomerangs
Armour
 e - a +0 pair of gloves (worn)
 j - a +2 hat (worn)
 w - a +0 chain mail (worn)
 I - a +2 pair of boots (worn)
Magical Staves
 E - a staff of poison
Jewellery
 i - a +6 ring of dexterity (right hand)
 n - an amulet of guardian spirit (around neck)
 y - a +5 ring of evasion (left hand)
 B - an amulet of reflection
Talismans
 c - a beast talisman
 d - a flux talisman (active)
Scrolls
 h - a scroll of enchant armour {unknown}
 k - a scroll of noise {unknown}
 m - a scroll of amnesia {unknown}
 o - a scroll of enchant weapon
 p - a scroll of silence {unknown}
 s - a scroll of revelation {unknown}
 u - 5 scrolls of teleportation
 C - 2 scrolls of immolation
 G - a scroll of fog {unknown}
 H - a scroll of poison {unknown}
Potions
 a - 2 potions of curing
 f - a potion of degeneration {unknown}
 g - a potion of ambrosia
 l - a potion of lignification
 r - a potion of magic
 t - a potion of cancellation
 v - a potion of enlightenment
 x - 2 potions of resistance
 A - a potion of attraction
 D - 3 potions of mutation
 F - 2 potions of heal wounds {unknown}
 J - a potion of might {unknown}


   Skills:
 + Level 5.2 Fighting
 + Level 4.4 Short Blades
 + Level 4.4 Long Blades
 + Level 4.4 Axes
 + Level 4.4 Maces & Flails
 + Level 4.4 Polearms
 + Level 4.4 Staves
 + Level 4.4 Ranged Weapons
 + Level 4.4 Throwing
 + Level 4.4 Armour
 + Level 6.4 Dodging
 + Level 4.4 Stealth
 + Level 4.4 Shields
 + Level 8.0 Unarmed Combat
 + Level 4.4 Spellcasting
 + Level 3.6 Conjurations
 + Level 3.6 Hexes
 + Level 3.6 Summonings
 + Level 3.6 Necromancy
 + Level 3.6 Translocations
 + Level 3.6 Transmutations
 + Level 3.6 Fire Magic
 + Level 3.6 Ice Magic
 + Level 3.6 Air Magic
 + Level 3.6 Earth Magic
 + Level 3.6 Poison Magic
 + Level 4.9 Invocations
 + Level 4.4 Evocations
 + Level 7.7 Shapeshifting


You had 16 spell levels left.
You didn't know any spells.
Your spell library contained the following spells:

 Spells                   Type           Power      Damage    Failure   Level
 Blink                    Tloc           18%        N/A       63%         2
 Lesser Beckoning         Tloc           18%        N/A       63%         2
 Momentum Strike          Conj/Tloc      18%        3d8       63%         2


Dungeon Overview and Level Annotations

Branches:
Dungeon (8/15)             Temple (1/1) D:4
   Lair: D:8-11

Altars:
Ashenzari
Cheibriados
Dithmenos
Elyvilon
Fedhas
Gozag
Hepliaklqana
Kikubaaqudgha
Makhleb
Nemelex Xobeh
Okawaru
Qazlal
Ru
Sif Muna
Trog
Uskayaw
Vehumet
Wu Jian
Xom
Yredelemnul
Zin
The Shining One

Annotations:
D:4 2 transporters
D:8 Jeremiah
Temple 4 transporters


Innate Abilities, Weirdness & Mutations

You are something dangerously unstable.
You glow with magical radiation, making you easy to see and hit.
Foes you strike become dangerously contaminated with magical radiation.
You are incapable of wielding weapons or throwing items.
You have very sharp teeth.
Your uncanny sense of smell can sniff out nearby items.
Your experience applies equally to all skills.


Message History

You feel drained.
* * * LOW HITPOINT WARNING * * *
You hit the butterfly but do no damage.
The butterfly begins to glow.
Jeremiah hops!
You barely miss the butterfly.
Jeremiah hops!
Jeremiah throws their arms up pleadingly.
Something smites you!
* * * LOW HITPOINT WARNING * * *
You miss the butterfly.
You bite the butterfly, but do no damage.
You barely miss the butterfly. You bite the butterfly.
You kill the butterfly!
The butterfly disappears in a burst of colours!
Jeremiah shouts, "Stop it!
Stop making me do this!"
Things that are here:
a +0 club; 8 poisoned darts
Items here: ( )) ††.
Jeremiah hits you with a +4 trident of draining!
* * * LOW HITPOINT WARNING * * *
You feel drained.
* * * LOW HITPOINT WARNING * * *
You hit Jeremiah.
Jeremiah begins to glow.
You bite Jeremiah, but do no damage.
Jeremiah is lightly wounded.
Jeremiah mumbles a slurred invocation.
Something smites you!
* * * LOW HITPOINT WARNING * * *
You hit Jeremiah.
Jeremiah glows dangerously bright.
Jeremiah is moderately wounded.
You hit Jeremiah.
Jeremiah shudders as magic cascades through them!
Jeremiah twists and deforms.
You bite Jeremiah.
Jeremiah is heavily wounded.
Jeremiah barely misses you.
You barely miss Jeremiah.
Jeremiah is heavily wounded.
Jeremiah zaps a wand.
Your mind is blasted!
You die...
Jeremiah says, "O terrible one, your will is done."

........### ..........#
.. .......##.######
###... ...............#
###.....
...............####..b#
.....#...........bb.#
.####...........bb.##
.. ...##########bbb#
####...#########pFb##
.. #..)).b)bb#bb#
.....##########.### ...
#..b# . ###.# #.#
#.K....bF #.....$KK
#>.....K.


You could see Jeremiah (misshapen).

Vanquished Creatures
  Grinder (D:6)
  3 water moccasins (D:7)
  Duvessa (D:6)
  2 ice beasts
  A black bear (D:5)
  An ogre (D:5)
  A centaur (D:6)
  Blork the orc (D:6)
  2 bullfrogs
  A kobold brigand (D:7)
  Dowan (D:6)
  A killer bee (D:8)
  2 howler monkeys (D:6)
  3 jellies
  3 orc priests
  A gnoll bouda (D:6)
  5 hounds
  8 iguanas
  2 sleepcaps
  8 orc wizards
  9 adders
  6 gnolls
  A shadow imp (D:7)
  2 white imps (D:5)
  2 worms (D:2)
  4 dart slugs
  28 orcs
  4 endoplasms
  8 goblins
  5 hobgoblins
  3 quokkas
  5 ball pythons
  4 bats
  3 frilled lizards
  9 kobolds
  6 rats
147 creatures vanquished.

Notes
Turn   | Place    | Note
-------+----------+-------------------------------------------
     0 | D:1      | Gumption the Gnoll Shapeshifter began the quest for the
                  | Orb.
     0 | D:1      | Reached XP level 1. HP: 17/17 MP: 1/1
   192 | D:1      | Reached XP level 2. HP: 13/23 MP: 2/2
   271 | D:1      | Found a faded altar of an unknown god.
   279 | D:1      | Prayed at the altar of an unknown god.
   279 | D:1      | Became a worshipper of Makhleb the Destroyer
   279 | D:1      | Reached * piety under Makhleb
   450 | D:1      | You fall into a shaft and drop 1 floor!
   544 | D:1      | Reached XP level 3. HP: 28/28 MP: 3/3
   997 | D:2      | Reached skill level 1 in Invocations
  1056 | D:2      | Reached ** piety under Makhleb
  1123 | D:2      | Reached skill level 1 in Short Blades
  1123 | D:2      | Reached skill level 1 in Long Blades
  1123 | D:2      | Reached skill level 1 in Axes
  1123 | D:2      | Reached skill level 1 in Maces & Flails
  1123 | D:2      | Reached skill level 1 in Polearms
  1123 | D:2      | Reached skill level 1 in Staves
  1123 | D:2      | Reached skill level 1 in Ranged Weapons
  1123 | D:2      | Reached skill level 1 in Throwing
  1123 | D:2      | Reached skill level 1 in Armour
  1123 | D:2      | Reached skill level 1 in Stealth
  1123 | D:2      | Reached skill level 1 in Shields
  1123 | D:2      | Reached skill level 1 in Spellcasting
  1123 | D:2      | Reached skill level 1 in Evocations
  1128 | D:2      | Reached XP level 4. HP: 34/34 MP: 3/5
  1560 | D:3      | Reached skill level 1 in Conjurations
  1560 | D:3      | Reached skill level 1 in Hexes
  1560 | D:3      | Reached skill level 1 in Summonings
  1560 | D:3      | Reached skill level 1 in Necromancy
  1560 | D:3      | Reached skill level 1 in Translocations
  1560 | D:3      | Reached skill level 1 in Transmutations
  1560 | D:3      | Reached skill level 1 in Fire Magic
  1560 | D:3      | Reached skill level 1 in Ice Magic
  1560 | D:3      | Reached skill level 1 in Air Magic
  1560 | D:3      | Reached skill level 1 in Earth Magic
  1560 | D:3      | Reached skill level 1 in Poison Magic
  1707 | D:3      | Reached XP level 5. HP: 38/40 MP: 4/7
  1897 | D:3      | Found a broken altar of Ashenzari.
  2142 | D:4      | Found a staircase to the Ecumenical Temple.
  2153 | Temple   | Found a transporter.
  2153 | Temple   | Found a transporter.
  2153 | Temple   | Found a transporter.
  2153 | Temple   | Found a transporter.
  2153 | Temple   | Entered the Ecumenical Temple
  2216 | D:4      | Found a transporter.
  2304 | D:4      | Found a burning altar of Makhleb.
  2799 | D:4      | Found a transporter.
  3127 | D:5      | Entered Level 5 of the Dungeon
  3140 | D:5      | Reached XP level 6. HP: 42/47 MP: 6/8
  3283 | D:5      | Reached skill level 5 in Dodging
  3532 | D:5      | Reached skill level 7 in Unarmed Combat
  3532 | D:5      | Reached XP level 7. HP: 16/52 MP: 2/10
  3741 | D:5      | Found a shimmering altar of Xom.
  3746 | D:5      | Found an opulent altar of Gozag.
  3752 | D:5      | Found an ornate altar of the Wu Jian Council.
  4453 | D:6      | Noticed Grinder
  4462 | D:5      | Reached *** piety under Makhleb
  4602 | D:6      | Noticed Dowan
  4602 | D:6      | Noticed Duvessa
  4613 | D:6      | Killed Duvessa
  4614 | D:6      | Reached XP level 8. HP: 53/60 MP: 9/12
  4614 | D:6      | Killed Dowan
  4831 | D:6      | Killed Grinder
  4895 | D:6      | Noticed Blork the orc
  4986 | D:6      | Killed Blork the orc
  5154 | D:6      | Reached XP level 9. HP: 36/66 MP: 7/14
  5978 | D:7      | Reached skill level 5 in Fighting
  6534 | D:8      | Noticed Jeremiah
  6547 | D:8      | Reached skill level 8 in Unarmed Combat
  6624 | D:8      | HP: 3/62 [Jeremiah/divine providence (7)]
  6627 | D:8      | Blown up by Jeremiah

Illustrated notes

Levels and vault maps discovered:
D:1:      lightli_arrival_statuegarden, layout_basic,
          shapermc_ecumenical_altar_totnotflames, grunt_decor_resistance
D:2:      layout_basic
D:3:      layout_basic, cheibrodos_ashenzari_chains
D:4:      gammafunk_cloud_chamber, layout_loops_ring, general_overflow_altar,
          minmay_temple_entry_overgrown, hangedman_decor_clover_reticule,
          kennysheep_small_spiral, corner_web_ring
D:5:      layout_basic, minmay_overflow_temple_star_quad, minmay_misc_feat_room
D:6:      layout_basic, hangedman_decor_peaks_small, minivault_24, uniq_duvessa,
          uniq_grinder, uniq_blork_the_orc
D:7:      layout_loops_cross
D:8:      layout_rooms, uniq_jeremiah, uniq_psyche
Temple:   hellmonk_temple_divided_pantheon

Skill      XL: |  1  2  3  4  5  6  7  8  9 |
---------------+----------------------------+-----
Invocations    | 1 2 3 4 |  4.9
Short Blades   | 1 2 3 4 |  4.4
Long Blades    | 1 2 3 4 |  4.4
Axes           | 1 2 3 4 |  4.4
Maces & Flails | 1 2 3 4 |  4.4
Polearms       | 1 2 3 4 |  4.4
Staves         | 1 2 3 4 |  4.4
Ranged Weapons | 1 2 3 4 |  4.4
Throwing       | 1 2 3 4 |  4.4
Armour         | 1 2 3 4 |  4.4
Stealth        | 1 2 3 4 |  4.4
Shields        | 1 2 3 4 |  4.4
Spellcasting   | 1 2 3 4 |  4.4
Evocations     | 1 2 3 4 |  4.4
Conjurations   | 1 2 3 |  3.6
Hexes          | 1 2 3 |  3.6
Summonings     | 1 2 3 |  3.6
Necromancy     | 1 2 3 |  3.6
Translocations | 1 2 3 |  3.6
Transmutations | 1 2 3 |  3.6
Fire Magic     | 1 2 3 |  3.6
Ice Magic      | 1 2 3 |  3.6
Air Magic      | 1 2 3 |  3.6
Earth Magic    | 1 2 3 |  3.6
Poison Magic   | 1 2 3 |  3.6
Fighting       | 3 4 5 |  5.2
Dodging        | 5 6 |  6.4
Unarmed Combat | 7 8 |  8.0
Shapeshifting  | 7 |  7.7

Action                     |  1- 3 |  4- 6 |  7- 9 || total
---------------------------+-------+-------+-------++-------
  Melee: Unarmed           |    65 |   119 |   313 ||   497
         Bite              |     6 |    15 |    48 ||    69
         Punch             |     2 |     4 |       ||     6
   Fire: Sling             |       |     8 |       ||     8
  Throw: Dart              |       |    25 |     5 ||    30
Ability: Begin Untransform |       |       |     2 ||     2
    Use: Scroll            |       |     5 |     5 ||    10
         Potion            |       |       |     1 ||     1
 Armour: Scale mail        |    26 |    21 |       ||    47
         Animal skin       |     1 |       |       ||     1
         Chain mail        |       |    42 |   158 ||   200
  Dodge: Dodged            |    23 |    43 |   164 ||   230
   Form: Beast             |       |       |     1 ||     1
         Flux              |       |       |     1 ||     1

Table legend: (Time is in decaauts)
 A = Elapsed time spent in this place.
 B = Non-inter-level travel time spent in this place.
 C = Inter-level travel time spent in this place.
 D = Time resting spent in this place.
 E = Time spent auto-exploring this place.
 F = Levels seen in this place.
 G = Mean time per level.
                   A        B        C        D        E       F      G
               +--------+--------+--------+--------+--------+-----+--------+
         Total |   6552 |   6298 |    254 |    857 |   2245 |   9 |  728.0 |
       Dungeon |   6521 |   6267 |    254 |    857 |   2245 |   8 |  815.1 |
        Temple |     31 |     31 |      0 |      0 |      0 |   1 |   31.0 |
               +--------+--------+--------+--------+--------+-----+--------+

Top non-repeatable levels by time:
     D:5: 1334 daAuts
     D:6: 1020 daAuts
     D:7: 958 daAuts
     D:4: 942 daAuts
     D:1: 789 daAuts
     D:3: 766 daAuts
     D:2: 573 daAuts
     D:8: 136 daAuts
  Temple: 31 daAuts
